 Dungeon Crawl Stone Soup version 0.27-a0-1308-gc08437e49b (webtiles) character file.

Game seed: 14434227819379531202

5 spiderkeys the Skirmisher (level 1, -7/16 HPs)
             Began as an Octopode Abyssal Knight on June 19, 2021.
             Was a Follower of Lugonu.
             Mangled by a neqoxec (12 damage)
             ... on level 2 of the Abyss.
             The game lasted 00:00:18 (72 turns).

spiderkeys the Skirmisher (Octopode Abyssal Knight)   Turns: 72, Time: 00:00:18

Health: -7/16      AC:  1    Str: 11    XL:     1   Next: 80%
Magic:  2/2        EV: 13    Int: 14    God:    Lugonu [*.....]
Gold:   50         SH:  0    Dex: 11    Spells: 0/0 levels left

rFire    . . .     SeeInvis .   a - +1 spear
rCold    . . .     Faith    .   (no shield)
rNeg     . . .     Spirit   .   (helmet restricted)
rPois    .         Reflect  .   (no amulet)
rElec    .         Harm     .   (no ring)
rCorr    .         Rampage  .   (no ring)
Will     .....     Rnd*Rage +   (no ring)
Stlth    ++........             (no ring)
HPRegen  0.05/turn              (no ring)
MPRegen  0.08/turn              (no ring)
                                (no ring)
                                (no ring)

@: no status effects
A: almost no armour, amphibious, 8 rings, camouflage 1, gelatinous body 1,
(nimble swimmer 1), tentacles, berserk 1, low mp 1
a: Renounce Religion, Depart the Abyss


You were on level 2 of the Abyss.
You worshipped Lugonu.
Lugonu was aware of your devotion.
You visited 0 branches of the dungeon, and saw 0 of its levels.
You visited the Abyss 1 time.

You collected 50 gold pieces.


Innate Abilities, Weirdness & Mutations

You cannot wear most types of armour.
You are amphibious.
You can wear up to eight rings at the same time.
Your skin changes colour to match your surroundings (Stealth+).
Your rubbery body absorbs attacks. (AC +1, EV +1)
((You are camouflaged near water. (Stealth+)))
You have tentacles for arms and can constrict up to eight enemies at once.
You tend to lose your temper in combat.
Your magical capacity is low. (-10% MP)


   Skills:
 + Level 3.1 Fighting
 + Level 2.1 Polearms
 + Level 2.4 Dodging
 + Level 2.1 Invocations


You couldn't memorise any spells.
You didn't know any spells.
Your spell library was empty.

Inventory:

Hand Weapons
 a - a +1 spear (weapon)

Dungeon Overview and Level Annotations

Branches:
Dungeon (0/15)

Altars:

#. #.# ## .##.# ##. .#
##.#.## .... #.#
.....##.#.. .. #...#....#
## . #......# # #
#####.##...#.##. # #
#.#.. .#..@.#... # ##..
..........3#..## #..
.........#...#..#...#...#
._. . ....#.............#
#... ##.#..#.#....####.
#.. #....##.#.##...# ...
. #...#∩........##
#......#.....###..##.#
...#... #...... #.#


You could see a neqoxec.


Message History

🤖 Initializing magus.rc ...
Options error: Delay interrupt name "hungry" not recognised. (~/.crawlrc:4988) ✅ Successfully initialized magus.rc [v1.9.10] Welcome, spiderkeys the Octopode Abyssal Knight.
Will you be the one to retrieve the awesome Orb of Zot from the depths?
Lugonu says: Depart the Abyss and spread corruption, my servant! (use the ability menu to exit the Abyss) Press ? for a list of commands and other information.
Found a corrupted altar of Lugonu.
You now have 10 gold pieces.
Found two portals.
There is a gateway leading deeper into the Abyss here.
b - a scroll labelled DAXI RIKILOS
As you read the scroll labelled DAXI RIKILOS, it crumbles to dust.
The air around you briefly surges with heat, but it dissipates.
It was a scroll of immolation.
There is a gateway leading deeper into the Abyss here.
You plunge deeper into the Abyss.
Found a corrupted altar of Lugonu.
You now have 50 gold pieces (gained 40).
An ufetubus comes into view.
The ufetubus shouts!
You hit the ufetubus. Your grab misses the ufetubus.
Your squeeze misses the ufetubus.
The ufetubus hits you but does no damage.
The ufetubus hits you.
The ufetubus barely misses you. x2 😮 HP[-4]
You take 4 damage, and now have 12/16 hp.
MASSIVE DAMAGE!! (PAUSE)
You hit the ufetubus but do no damage. Your grab misses the ufetubus.
The ufetubus completely misses you. The ufetubus hits you. 😮 HP[-2]
You take 2 damage, and now have 10/16 hp.
You hit the ufetubus but do no damage. Your grab misses the ufetubus.
The ufetubus closely misses you. The ufetubus hits you.
* * * LOW HITPOINT WARNING * * *
The ufetubus closely misses you. The ufetubus barely misses you.
A neqoxec comes into view. 😨 HP[-3]
You take 3 damage, and now have 7/16 hp.
The neqoxec shouts!
You hit the ufetubus. Your grab misses the ufetubus. The ufetubus hits you.
* * * LOW HITPOINT WARNING * * *
The ufetubus hits you.
* * * LOW HITPOINT WARNING * * *
The neqoxec gestures at you.
Strange energies course through your body.
You feel a little pissed off. 😨 HP[-2]
You take 2 damage, and now have 5/16 hp.
You hit the ufetubus.
You kill the ufetubus!
The neqoxec gestures at you.
Strange energies course through your body.
You feel less energetic.
Unknown command.
The neqoxec barely misses you. The neqoxec misses you.
You hit the neqoxec. Your grab misses the neqoxec. You squeeze the neqoxec!
The neqoxec gestures at you.
Something tries to feed on your intellect!
You hit the neqoxec. Your grab misses the neqoxec. The neqoxec hits you!
Ouch! That really hurt!
You die...

Action                   || total
-------------------------++-------
Melee: Spear             ||     7
       Tentacles         ||     1
  Use: Scroll            ||     1
Armor: Skin              ||     1
Dodge: Dodged            ||     8

Levels and vault maps discovered:
Abyss:2:  base:
Temple

Notes
Turn   | Place    | Note
-------+----------+-------------------------------------------
     0 | Abyss:1  | spiderkeys the Octopode Abyssal Knight began the quest for
                  | the Orb.
     0 | Abyss:1  | Reached XP level 1. HP: 16/16 MP: 2/2
     0 | Abyss:1  | magus.rc [v1.9.10]
    46 | Abyss:2  | Found a corrupted altar of Lugonu.
    62 | Abyss:2  | Noticed a neqoxec
    63 | Abyss:2  | Gained mutation: You tend to lose your temper in combat. [a
                  | neqoxec]
    64 | Abyss:2  | Gained mutation: Your magical capacity is low. (-10% MP) [a
                  | neqoxec]
    72 | Abyss:2  | Mangled by a neqoxec

Vanquished Creatures
  An ufetubus (Abyss:2)
1 creature vanquished.

Table legend:
 A = Non-vault XP
 B = Vault XP
 C = Vault XP percentage of total XP
 D = Non-vault monster count
 E = Vault monster count
 F = Vault count percentage of total count
                 A         B        C        D         E       F
            +---------+---------+-------+---------+---------+-------
      Total |       8 |       0 |   0.0 |       1 |       0 |   0.0
            +---------+---------+-------+---------+---------+-------
    Abyss:2 |       8 |       0 |   0.0 |       1 |       0 |   0.0
            +---------+---------+-------+---------+---------+-------

Illustrated notes

Table legend:
 A = Kills in this place as a percentage of kills in entire the game.
 B = Kills by you in this place as a percentage of kills by you in the entire game.
 C = Kills by friends in this place as a percentage of kills by friends in the entire game.
 D = Other kills in this place as a percentage of other kills in the entire game.
 E = Experience gained in this place as a percentage of experience gained in the entire game.
 F = Experience gained in this place divided by the number of levels of this place that you have seen.
                   A       B       C       D       E      F
               +-------+-------+-------+-------+-------+----------------------
         Total | 100.0 | 100.0 |   N/A |   N/A | 100.0 |   4.0
         Abyss | 100.0 | 100.0 |   N/A |   N/A | 100.0 |   4.0
               +-------+-------+-------+-------+-------+----------------------

Table legend: (Time is in decaauts)
 A = Elapsed time spent in this place.
 B = Non-inter-level travel time spent in this place.
 C = Inter-level travel time spent in this place.
 D = Time resting spent in this place.
 E = Time spent auto-exploring this place.
 F = Levels seen in this place.
 G = Mean time per level.
                   A        B        C        D        E       F      G
               +--------+--------+--------+--------+--------+-----+--------+
         Total |     71 |     71 |      0 |      0 |     17 |   2 |   35.5 |
         Abyss |     71 |     71 |      0 |      0 |     17 |   2 |   35.5 |
               +--------+--------+--------+--------+--------+-----+--------+

Top non-repeatable levels by time:
 Abyss:1: 41 daAuts
 Abyss:2: 30 daAuts
